 Dungeon Crawl Stone Soup version 0.30-a0-777-ga9a30cbeda (webtiles) character file.

Game seed: 16899942275755455171

14 Dirtsage the Trooper (level 2, 3/24 HPs)
             Began as a Demonspawn Fighter on Feb 14, 2023.
             Quit the game on level 1 of the Dungeon.
             The game lasted 00:00:45 (206 turns).

Dirtsage the Trooper (Demonspawn Fighter)            Turns: 206, Time: 00:00:46

Health: 3/24       AC:  6    Str: 13 (16) XL:     2   Next: 27%
Magic:  2/2        EV:  8    Int:  6 (9)  God:
Gold:   41         SH:  4    Dex: 10 (12) Spells: 1/1 levels left

rFire   . . .      SeeInvis .    a - +0 war axe
rCold   . . .      Faith    .    c - +0 buckler
rNeg    . . .      Spirit   .    b - +0 scale mail
rPois   .          Reflect  .    (no helmet)
rElec   .          Harm     .    (no cloak)
rCorr   .          Rampage  .    (no gloves)
Will    .....                    (no boots) Stlth
                                 (no amulet)
HPRegen 0.24/turn                (no ring)
MPRegen 0.08/turn                (no ring)

@: lethally poisoned (3 -> -3), attractive
A: spiny 1
a: no special abilities


You were on level 1 of the Dungeon.
You visited 1 branch of the dungeon, and saw 1 of its levels.

You collected 41 gold pieces.

Inventory:

Hand Weapons
 a - a +0 war axe (weapon)
Armour
 b - a +0 scale mail (worn)
 c - a +0 buckler (worn)
Potions
 d - a potion of might


   Skills:
 - Level 3.0 Fighting
 + Level 2.7 Axes
 - Level 2.6 Armour
 - Level 2.6 Shields


You had one spell level left.
You didn't know any spells.
Your spell library was empty.

Dungeon Overview and Level Annotations

Branches:
Dungeon (1/15)

Altars:

Annotations:
D:1 2 transporters


Innate Abilities, Weirdness & Mutations

You are partially covered in sharp spines.


Message History

The kobold hits you with a +2 dagger of venom.
The kobold is struck by your spines. The kobold barely misses you.
The frilled lizard is struck by your spines.
You kill the frilled lizard!
You take 5 damage, and have 18/24 hp.
MASSIVE DAMAGE!!
You closely miss the kobold.
The kobold is severely wounded.
You feel sick. The kobold hits you but does no damage.
You are more poisoned.
You take 2 damage, and have 16/24 hp.
You are too injured to fight recklessly!
You are too injured to fight recklessly!
You are too injured to fight recklessly!
You hit the kobold but do no damage.
The kobold is severely wounded.
You feel very sick. The kobold barely misses you.
The kobold hits you but does no damage.
You are lethally poisoned!
You take 2 damage, and have 14/24 hp.
You hit the kobold.
You kill the kobold!
You feel very sick.
You take 5 damage, and have 9/24 hp.
MASSIVE DAMAGE!!
* * * LOW HITPOINT WARNING * * *
You feel very sick.
You see here a +2 dagger of venom.
You take 3 damage, and have 6/24 hp.
It was a potion of attraction.
You feel attractive to monsters.
* * * LOW HITPOINT WARNING * * *
You feel sick.
You take 2 damage, and have 4/24 hp.
It was a potion of degeneration.
There was something very wrong with that liquid.
You feel weakened.
You feel dopey.
You feel clumsy.
* * * LOW HITPOINT WARNING * * *
You feel sick.
You take 1 damage, and have 3/24 hp.
There is a lethal amount of poison in your body!
Are you sure you want to abandon this character and quit the game? (Confirm with "yes".)

..............# ###.....##
..............##................#
..............##..........#####..
..............##..........#......
..............##......... #......
........########......... #......
........# #........ #......
........# #........ #######
........########@.......
................).......
.......(.........######.
.................#
..################ ..


There were no monsters in sight!

Vanquished Creatures
  2 endoplasms (D:1)
  A giant cockroach (D:1)
  2 goblins (D:1)
  2 hobgoblins (D:1)
  A quokka (D:1)
  A ball python (D:1)
  A frilled lizard (D:1)
  2 kobolds (D:1)
12 creatures vanquished.

Notes
Turn   | Place    | Note
-------+----------+-------------------------------------------
     0 | D:1      | Dirtsage the Demonspawn Fighter began the quest for the
                  | Orb.
     0 | D:1      | Reached XP level 1. HP: 18/18 MP: 1/1
   147 | D:1      | Gained mutation: You are partially covered in sharp spines.
                  | [demonic ancestry]
   147 | D:1      | Reached XP level 2. HP: 18/24 MP: 2/2
   206 | D:1      | Quit the game

Illustrated notes

Levels and vault maps discovered:
D:1:      spicycebolla_arrival_transporter_tutorial, layout_basic,
          serial_curves, eino_curves_04, eino_curves_02

Skill      XL: |  1 |
---------------+----+-----
Axes           | 2 |  2.7
Fighting       | |  3.0
Armour         | |  2.6
Shields        | |  2.6

Action                     || total
---------------------------++-------
  Melee: War axe           ||    24
    Use: Potion            ||     2
 Armour: Scale mail        ||     9
  Dodge: Dodged            ||    13
  Block: Buckler           ||     2

Table legend: (Time is in decaauts)
 A = Elapsed time spent in this place.
 B = Non-inter-level travel time spent in this place.
 C = Inter-level travel time spent in this place.
 D = Time resting spent in this place.
 E = Time spent auto-exploring this place.
 F = Levels seen in this place.
 G = Mean time per level.
                   A        B        C        D        E       F      G
               +--------+--------+--------+--------+--------+-----+--------+
         Total |    216 |    216 |      0 |      0 |    157 |   1 |  216.0 |
       Dungeon |    216 |    216 |      0 |      0 |    157 |   1 |  216.0 |
               +--------+--------+--------+--------+--------+-----+--------+

Top non-repeatable levels by time:
     D:1: 216 daAuts
